AoeStats
← sam_robinson1994

Arabia

508103926Analyzed
2v2 RM · 13d ago on Sep 20, 2026· 14m 31s· 4 players
Game mode
Random Map
Map size
Medium (4 player)
Population
200
Speed
Normal
Resources
Standard
Victory
Conquest
Starting age
Dark Age
Ending age
Imperial Age
RankedLock teamsTeams togetherTeam positionsShared explorationLock speedFull tech treeHidden civsTurbo modeCheats
Victory
Defeat
🇳🇱 Mongols · Netherlands
1274
+15
🇬🇧 Romans · United Kingdom
1272
+15
🇦🇷 Chinese · Argentina
1264
-15
🇦🇷 Malay · Argentina
1246
-15
LA_12_FPS
0:27 Loom
9:32 Feudal Age
10:09 Double-Bit Axe
11:43 Horse Collar
14:29 Wheelbarrow
Yoyi
9:52 Feudal Age
8:50 Loom
Maximus
8:28 Feudal Age
6:48 Loom
9:28 Double-Bit Axe
14:08 Horse Collar
sam_robinson1994
5:39 Loom
9:08 Feudal Age
9:27 Man-at-Arms
10:54 Scale Mail Armor
Connection lost

Rejoining the realm…

Still unreachable

The connection could not be restored.

Session expired

The server has moved on; the page needs a fresh start.